 Dungeon Crawl Stone Soup version 0.21-a0-440-g28109cb (webtiles) character file.

128 slep the Slasher (level 4, 0/34 HPs)
             Began as a Demonspawn Gladiator on Nov 11, 2017.
             Slain by an orc wizard
             ... wielding a +1 dagger of electrocution
              (12 damage)
             ... on level 3 of the Dungeon.
             The game lasted 00:08:13 (1214 turns).

slep the Slasher (Demonspawn Gladiator)             Turns: 1214, Time: 00:08:14

Health: 0/34       AC:  5    Str: 15    XL:     4   Next: 86%
Magic:  0/4        EV: 13    Int: 11    God:
Gold:   62         SH:  0    Dex: 15    Spells: 3/3 levels left

rFire    . . .     SeeInvis .   a - +0 long sword
rCold    . . .     Gourm    .   (no shield)
rNeg     . . .     Faith    .   b - +0 leather armour
rPois    .         Spirit   +   c - +0 helmet
rElec    .         Reflect  .   (no cloak)
rCorr    .         Harm     .   (no gloves)
MR       .....                  n - +0 pair of boots
Stlth    +.........             (no amulet)
HPRegen  0.11/turn              z - +2 ring of intelligence
MPRegen  0.09/turn              (no ring)

@: no status effects
A: claws 2, magic shield
a: no special abilities


You were on level 3 of the Dungeon.
You were not hungry.

You visited 1 branch of the dungeon, and saw 3 of its levels.

You collected 62 gold pieces.

Inventory:

Hand Weapons
 a - a +0 long sword (weapon)
Missiles
 d - 3 throwing nets (quivered)
 y - 6 javelins
Armour
 b - a +0 leather armour (worn)
 c - a +0 helmet (worn)
 n - a +0 pair of boots (worn)
Jewellery
 z - a +2 ring of intelligence (left claw)
Scrolls
 e - a scroll of remove curse {unknown}
 k - 2 scrolls of fog {unknown}
 l - a scroll of magic mapping {unknown}
 m - 3 scrolls of identify {unknown}
 o - 4 scrolls of teleportation {unknown}
 q - a scroll of amnesia {unknown}
 s - a scroll of blinking {unknown}
 x - a scroll of enchant weapon {unknown}
Potions
 g - a potion of haste {unknown}
 i - a potion of magic {unknown}
 p - a potion of cancellation {unknown}
 t - a potion of brilliance {unknown}
 u - 2 potions of berserk rage {unknown}
 v - a potion of might {unknown}
 w - 2 potions of curing {unknown}
Comestibles
 f - 3 bread rations
 h - 2 meat rations
 j - 2 royal jellies
 r - 3 fruits
 A - 3 chunks of flesh


   Skills:
 + Level 2.6 Fighting
 + Level 3.8 Long Blades
 + Level 1.8 Throwing
 + Level 0.8 Armour
 + Level 3.6 Dodging
 + Level 0.4 Stealth


You had 3 spell levels left.
You didn't know any spells.

Dungeon Overview and Level Annotations

Branches:
Dungeon (3/15)

Altars:


Innate Abilities, Weirdness & Mutations

You have very sharp fingernails.
When hurt, damage is shared between your health and your magic reserves.


Message History

You hear some strange, mumbled words.
A magic dart appears from out of thin air!
The magic dart hits you!
An orc comes into view. It is wielding a hand axe.
You hear some strange, mumbled words.
You are confused.
You bump into the rock wall.
You see here 8 sling bullets.
You closely miss something.
You hear some strange, mumbled words.
A magic dart appears from out of thin air!
The magic dart hits you!
You completely miss something.
You hear some strange, mumbled words.
A puff of flame appears from out of thin air!
The puff of flame hits you!
You barely miss something.
You feel less confused. Something hits you.
You are electrocuted!
You die...

.##.#.#.#.# .....
.##.#...#.# #...
.....####.# #..#
..........######..##
.....##........#.†o#
.....##........#g#.#
.....##..).....#o#..#
.....##........#{##.#
.....##........#@# g#
#######........#.# ..
#........#.# .o
#..........# ..
#........###
...........
#............
#.(..........#
............#


You could see a gnoll and an orc.

Vanquished Creatures
  A crimson imp (D:2)
  3 adders
  A worm (D:3)
  4 dart slugs (D:1)
  4 leopard geckos
  2 orcs (D:3)
  3 giant cockroaches
  2 goblins
  4 hobgoblins
  8 kobolds
  8 bats
  4 frilled lizards
  8 rats
52 creatures vanquished.

Notes
Turn   | Place    | Note
-------+----------+-------------------------------------------
     0 | D:1      | slep the Demonspawn Gladiator began the quest for the Orb.
     0 | D:1      | Reached XP level 1. HP: 16/16 MP: 1/1
    80 | D:1      | Gained mutation: When hurt, damage is shared between your health and your magic reserves. [demonic ancestry]
    80 | D:1      | Reached XP level 2. HP: 18/22 MP: 2/2
   303 | D:1      | Gained mutation: You have sharp fingernails. [demonic ancestry]
   303 | D:1      | Reached XP level 3. HP: 26/27 MP: 3/3
   852 | D:2      | Gained mutation: You have very sharp fingernails. [demonic ancestry]
   852 | D:2      | Reached XP level 4. HP: 23/34 MP: 4/4
  1214 | D:3      | Slain by an orc wizard

Vault maps used:
D:1:      ncdulo_smallfort
D:3:      tso_altar, first_bread

Skill      XL: |  1  2 |
---------------+-------+-----
Dodging        | 3 |  3.6
Long Blades    | 3 |  3.8
Fighting       | |  2.6
Throwing       | |  1.8
Armour         | |  0.8
Stealth        | |  0.4

Action                   |  1- 3 |  4- 6 || total
-------------------------+-------+-------++-------
Melee: Long sword        |   114 |    33 ||   147
 Stab: Sleeping          |     2 |       ||     2
  Eat: Chunk             |       |     1 ||     1
Armor: Leather armour    |    39 |     7 ||    46
Dodge: Dodged            |    97 |    17 ||   114
       Rpst.: Long sword |    30 |     3 ||    33

Table legend:
 A = Spawn XP
 B = Non-spawn XP
 C = Spawn XP percentage of total XP
 D = Spawn monster count
 E = Non-spawn monster count
 F = Spawn count percentage of total count
 G = Total turns spent on level
                    A         B        C        D         E        F      G
               +---------+---------+-------+---------+---------+-------+---------
         Total |       0 |     183 |   0.0 |       0 |      52 |   0.0 |  1214
               +---------+---------+-------+---------+---------+-------+---------
           D:1 |       0 |      56 |   0.0 |       0 |      29 |   0.0 |   491
           D:2 |       0 |      97 |   0.0 |       0 |      15 |   0.0 |   532
           D:3 |       0 |      30 |   0.0 |       0 |       8 |   0.0 |   191
               +---------+---------+-------+---------+---------+-------+---------
